 Dungeon Crawl Stone Soup version 0.29.1-1-gd02db69 (webtiles) character file.

Game seed: 16546554026300410343

260 Timinator the Insei (level 5, -4/42 HPs)
             Began as a Demigod Transmuter on Jan 11, 2023.
             Succumbed to a kobold brigand's curare-tipped dart
             ... in a sewer.
             The game lasted 00:10:30 (3768 turns).

Timinator the Insei (Demigod Transmuter)            Turns: 3768, Time: 00:10:30

Health: -4/42      AC:  6    Str: 11    XL:     5   Next: 63%
Magic:  9/10       EV: 11    Int: 15    God:
Gold:   243        SH:  0    Dex: 18    Spells: 1/8 levels left

rFire   . . .      SeeInvis .     - Unarmed
rCold   . . .      Faith    .   (no shield)
rNeg    . . .      Spirit   .   j - +0 ring mail
rPois   .          Reflect  .   (no helmet)
rElec   .          Harm     .   (no cloak)
rCorr   .          Rampage  .   a - +0 pair of gloves
Will    .....                   (no boots)
Stlth   +.........              (no amulet)
HPRegen 0.14/turn               (no ring)
MPRegen 0.12/turn               (no ring)

@: lethally poisoned (-4 -> -56), very slightly contaminated, slowed, very slow
A: high MP 1, forlorn, divine attributes
a: no special abilities


You were in a sewer.
You visited 1 branch of the dungeon, and saw 3 of its levels.
You also visited: Sewer.

You collected 243 gold pieces.

Inventory:

Armour
 a - a +0 pair of gloves (worn)
 i - a +0 leather armour
 j - a +0 ring mail (worn)
Scrolls
 c - a scroll of identify {unknown}
 g - 2 scrolls of amnesia {unknown}
 h - a scroll of vulnerability {unknown}
 k - a scroll of fog {unknown}
 o - a scroll of summoning {unknown}
Potions
 b - a potion of lignification
 d - 2 potions of might {unknown}
 e - 3 potions of heal wounds {unknown}
 f - 2 potions of mutation {unknown}
 l - a potion of invisibility {unknown}
 m - 2 potions of resistance {unknown}
 n - a potion of ambrosia {unknown}


   Skills:
 * Level 2.3 Fighting
 * Level 2.2 Armour
 * Level 2.2 Dodging
 * Level 3.9 Unarmed Combat
 - Level 2.0 Spellcasting
 + Level 2.8 Transmutations
 * Level 0.3 Ice Magic


You had one spell level left.
You knew the following spells:

 Your Spells              Type           Power      Damage    Failure   Level
a - Beastly Appendage     Tmut           20%        N/A       16%         1
b - Wereblood             Tmut           10%        N/A       24%         2
c - Ice Form              Ice/Tmut       6%         N/A       95%         4

Your spell library contained the following spells:

 Spells                   Type           Power      Damage    Failure   Level
 Magic Dart               Conj           4%         1d3       45%         1
 Searing Ray              Conj           2%         2d4       61%         2
 Spider Form              Tmut/Pois      5%         N/A       65%         3
 Fulminant Prism          Conj/Hex       0%         3d6       99%         4


Dungeon Overview and Level Annotations

Branches:
Dungeon (3/15)              Sewer (1/1)


Innate Abilities, Weirdness & Mutations

You have an increased reservoir of magic. (+10% MP)
You shall have no god before yourself.
Your divine heritage dramatically boosts your attributes as you level up.


Message History

Moving in this stuff is going to be slow.
You enter the shallow water.
Moving in this stuff is going to be slow.
You enter the shallow water.
Moving in this stuff is going to be slow.
You enter the shallow water.
Moving in this stuff is going to be slow.
You enter the shallow water.
Moving in this stuff is going to be slow.
A kobold brigand comes into view.
It is wielding a +0 dagger and quivering curare-tipped darts.
Found a scroll labelled IBRYATS ISIDD.
The kobold brigand shouts!
A kobold brigand comes into view.
It is wielding a +0 whip and quivering poisoned darts.
Found 2 puce potions.
A kobold comes into view. It is wielding a +0 short sword.
Casting: Beastly Appendage (safe; 16% risk of failure)
Confirm with . or Enter, or press ? or * to list all spells.
You miscast Beastly Appendage.
You are very lightly contaminated with residual magic.
Nothing appears to happen.
The kobold shouts!
The kobold brigand throws a curare-tipped dart.
The curare-tipped dart hits you.
You are poisoned.
You have difficulty breathing.
You feel yourself slow down.
You enter the shallow water.
Moving in this stuff is going to be slow.
You feel very sick.
The kobold brigand throws a curare-tipped dart.
The curare-tipped dart hits you.
You are lethally poisoned!
You have difficulty breathing.
You feel as though you will be slow longer.
The kobold brigand throws a curare-tipped dart.
The curare-tipped dart hits you.
You are more poisoned.
You have difficulty breathing.
You feel as though you will be slow longer.
Ouch! That really hurt!
You die...

##†## ##≈## ## #~# #≈#
# #~# #≈# # #~# #≈# #
##~## ##≈## ## ##.~.##
##.~~## ##~
#.....####.....#####.~
#~....~~~~~~..~≈≈≈≈≈~.
#..~~@####~....#####..
##..~## ##~..## ##.
##.## ##~## ## #.# #~#
# #.# #~# # #K# ##~##
## #K. ##...## ##~ .?~
#..~..#####~. ..!
#...~~~~~~~~.


There were no monsters in sight!

Vanquished Creatures
  Jessica (D:2)
  An orc wizard (D:3)
  A gnoll (D:2)
  10 adders
  A river rat (Sewer)
  6 worms
  3 dart slugs
  3 orcs (D:3)
  5 endoplasms
  2 giant cockroaches
  7 goblins
  5 hobgoblins (D:3)
  3 jackals (D:2)
  9 kobolds
  4 quokkas
  12 ball pythons
  4 bats (D:2)
  3 frilled lizards (D:2)
  5 rats
85 creatures vanquished.

Notes
Turn   | Place    | Note
-------+----------+-------------------------------------------
     0 | D:1      | Timinator the Demigod Transmuter began the quest for the
                  | Orb.
     0 | D:1      | Reached XP level 1. HP: 15/15 MP: 5/5
   148 | D:1      | Reached skill level 1 in Fighting
   928 | D:1      | Reached XP level 2. HP: 23/23 MP: 5/7
  1120 | D:2      | Learned a level 2 spell: Wereblood
  1278 | D:2      | Reached skill level 3 in Unarmed Combat
  1529 | D:2      | Reached XP level 3. HP: 22/28 MP: 6/8
  1775 | D:2      | Reached skill level 1 in Armour
  2031 | D:2      | Reached XP level 4. HP: 10/36 MP: 5/9
  2885 | D:2      | Noticed Jessica
  2891 | D:2      | Killed Jessica
  3208 | D:3      | Learned a level 4 spell: Ice Form
  3260 | D:3      | Reached XP level 5. HP: 41/41 MP: 7/10
  3384 | D:3      | Found a glowing drain.
  3393 | Sewer    | Entered a sewer
  3768 | Sewer    | Succumbed to a kobold brigand's curare-tipped dart

Illustrated notes

Levels and vault maps discovered:
D:1:      denvon_arrival_planthouse, layout_basic
D:2:      minmay_chambers_of_twos, layout_loops_ring, uniq_jessica
D:3:      cheibrodos_greedy_goblins, layout_rooms, portal_sewer_entry_d
Sewer:    sewer_co_15_rooms

Skill      XL: |  1  2  3  4 |
---------------+-------------+-----
Fighting       | 1 2 |  2.3
Transmutations | 2 |  2.8
Unarmed Combat | 3 |  3.9
Spellcasting   | 2 |  2.0
Armour         | 1 2 |  2.2
Dodging        | 2 |  2.2
Ice Magic      | |  0.3

Action                   |  1- 3 |  4- 6 || total
-------------------------+-------+-------++-------
Melee: Unarmed           |   100 |   125 ||   225
       Headbutt          |    14 |    24 ||    38
       Kick              |    18 |    27 ||    45
       Punch             |       |     2 ||     2
 Cast: Beastly Appendage |    23 |    26 ||    49
       Wereblood         |     1 |     8 ||     9
 Stab: Sleeping          |       |     1 ||     1
Armor: Robe              |     2 |       ||     2
       Leather armour    |    19 |    14 ||    33
       Ring mail         |       |    29 ||    29
Dodge: Dodged            |    52 |    55 ||   107
